 Dungeon Crawl Stone Soup version 0.30-a0-424-g7412bad402 (webtiles) character file.

Game seed: 8360939046104841395

1503 Raultor the Changer (level 8, -46/64 HPs)
             Began as an Octopode Transmuter on Dec 9, 2022.
             Was an Initiate of the Shining One.
             Killed by an exploding Pikel (70 damage)
             ... ignited by their inner flame
             ... on level 8 of the Dungeon.
             The game lasted 00:18:17 (6133 turns).

Raultor the Changer (Octopode Transmuter)           Turns: 6133, Time: 00:18:17

Health: -46/64     AC:  7    Str:  9    XL:     8   Next: 82%
Magic:  8/11       EV: 10    Int: 18    God:    the Shining One [......]
Gold:   223        SH:  0    Dex: 12    Spells: 4/11 levels left

rFire   x . .      SeeInvis .      - Unarmed
rCold   + + +      Faith    .    (shield currently unavailable)
rNeg    . . .      Spirit   .    (helmet currently unavailable)
rPois   +          Reflect  .    (no amulet)
rElec   .          Harm     .    W - ring of willpower
rCorr   .          Rampage  .    w - ring of willpower
Will    ++...                    (no ring)
Stlth   +.........               (no ring)
HPRegen 0.30/turn                (no ring)
MPRegen 0.12/turn                (no ring)
                                 (no ring)
                                 (no ring)

@: mighty, ice-form, marked, wereblooded, glowing
A: freezing attack, boosted hp, almost no armour, amphibious, 8 rings, large,
(camouflage 1), (gelatinous body 1), (nimble swimmer 1), (tentacles)
a: End Transformation, Renounce Religion


You were on level 8 of the Dungeon.
You worshipped the Shining One.
The Shining One was noncommittal.
You were a creature of crystalline ice.
You visited 1 branch of the dungeon, and saw 9 of its levels.
You also visited: Sewer.

You collected 447 gold pieces.
You spent 224 gold pieces at shops.


Innate Abilities, Weirdness & Mutations

You are a creature of crystalline ice.
You have a powerful freezing melee attack.
Your maximum health is increased.
Your armour is entirely melded.
You are incapable of wielding weapons or throwing items.
You cannot wear most types of armour.
You are amphibious.
You can wear up to eight rings at the same time.
((Your skin changes colour to match your surroundings (Stealth+).))
((Your rubbery body absorbs attacks. (AC +1, EV +1)))
((You are camouflaged when in or above water. (Stealth+)))
((You have tentacles for arms and can constrict up to eight enemies at once.))


   Skills:
 + Level 4.3 Fighting
 - Level 2.0 Dodging
 + Level 5.2 Unarmed Combat
 - Level 2.0 Spellcasting
 * Level 6.4 Transmutations
 * Level 6.0 Ice Magic


You had 4 spell levels left.
You knew the following spells:

 Your Spells              Type           Power      Damage    Failure   Level
b - Beastly Appendage     Tmut           50%        N/A       1%          1
c - Ice Form              Ice/Tmut       24%        N/A       14%         4
w - Wereblood             Tmut           25%        N/A       1%          2

Your spell library contained the following spells:

 Spells                   Type           Power      Damage    Failure   Level
 Spider Form              Tmut/Pois      13%        N/A       14%         3
 Summon Small Mammal      Summ           4%         N/A       19%         1
 Ignite Poison            Fire/Tmut/Pois 9%         N/A       22%         3
 Sublimation of Blood     Necr           1%         N/A       26%         2
 Call Canine Familiar     Summ           1%         N/A       47%         3
 Kindle Blastsparks       Fire/Tloc/Air  2%         2d10      47%         3
 Summon Guardian Golem    Hex/Summ       1%         N/A       47%         3
 Tukima's Dance           Hex            1%         N/A       47%         3
 Airstrike                Air            0%         2d(1-17)  87%         4
 Fulminant Prism          Conj/Hex       0%         3d5       87%         4
 Iskenderun's Mystic Bla  Conj/Tloc      1%         2d3       87%         4
 Passage of Golubria      Tloc           1%         N/A       87%         4
 Summon Lightning Spire   Summ/Air       1%         N/A       87%         4
 Yara's Violent Unravell  Hex/Tmut       6%         3d5       80%         5
 Freezing Cloud           Conj/Ice/Air   4%         6-21      91%         5
 Lee's Rapid Deconstruct  Erth           0%         3d4*      99%         5
 Lightning Bolt           Conj/Air       0%         1d11      99%         5
 Summon Hydra             Summ           0%         N/A       100%        7

Inventory:

Magical Staves
 j - a staff of poison {!a}
Jewellery
 w - a ring of willpower (right front paw)
 W - a ring of willpower (left front paw)
Scrolls
 b - 2 scrolls of fog {unknown}
 f - 2 scrolls of blinking {unknown}
 h - 4 scrolls of poison
 k - 2 scrolls of magic mapping
 l - 2 scrolls of amnesia {unknown}
 o - a scroll of fear {unknown}
 r - a scroll of vulnerability {unknown}
 s - 2 scrolls of immolation
 t - 3 scrolls of identify {@r1}
 u - a scroll of teleportation {unknown}
 x - a scroll of noise {unknown}
Potions
 a - 2 potions of lignification
 c - 2 potions of heal wounds {@q2}
 d - 3 potions of attraction {unknown}
 e - 4 potions of flight {unknown}
 g - 2 potions of degeneration {unknown}
 i - 2 potions of berserk rage {!q}
 m - 2 potions of might
 n - a potion of resistance {unknown}
 p - 2 potions of curing {@q1}
 q - 2 potions of mutation
 v - a potion of invisibility {unknown}

Dungeon Overview and Level Annotations

Branches:
Dungeon (9/15)               Lair (0/5) D:8           Sewer (visited)
 Temple: D:4-7          Orc: D:9-12

Altars:
Dithmenos
Sif Muna
The Shining One

Shops:
D:6 !

Annotations:
D:8 Maurice

,,,,*###K#,* #.## *,,,,,,,,
,,,,,,,..#.###..# ***,,,,,,,,
***,,,..........######*,,,,,,,*,,
*,,.....#..##......##.,,,,,,,,,
*,,,,,,,*#....k..l.@h.,,*,*,,,*
*,,,,,,.###.{K§#####.5,,,,,*,**
*,,,,,,....KK#K###*,,,,,*,,,,,*
*,,,,,,.#####K§h.#,,,,,,,*,,,,,
*,,,<,,,* ##Y#.#,,,,,,,,,,>,,
*,,,,,,,* #F○Y#,,,,~,,*,,,,,
*,,,,,,,* #.Yy§..,,,,*,*,,,*
****,**** ##.##....,,,*,*,** *,*
*..,.#..,,*,*,,,, **,*
*..#*#,.,,,,,,,,, *,,* *..#
***,,,,,*,,* *,** *****..#
*,,,,,,,,, *,* *,,,,,,*
****,,,,,,


You could see 2 ice beasts, a kobold brigand (inner flame), a wolf (inner
flame), a bullfrog (inner flame), a killer bee and 4 kobolds.


Message History

A killer bee comes into view.
The kobold hits you with a +0 dagger.
* * * LOW HITPOINT WARNING * * *
The lemure barely misses you. The wolf bites you!
* * * LOW HITPOINT WARNING * * *
Pikel zaps a wand.
You resist with almost no effort.
You feel much better. The wolf bites you but does no damage.
A rime drake comes into view.
The lemure hits you but does no damage.
Pikel hits you with a +2 whip of electrocution.
* * * LOW HITPOINT WARNING * * *
The wolf bites you.
* * * LOW HITPOINT WARNING * * *
You pummel Pikel!!
Flame seeps out of Pikel.
You freeze Pikel.
Flame seeps out of Pikel.
Pikel is heavily wounded.
The bullfrog hits you but does no damage.
The wolf bites you but does no damage.
A lemure comes into view.
The kobold hits you but does no damage. The lemure hits you.
* * * LOW HITPOINT WARNING * * *
Pikel is engulfed in blazing flames.
Flame seeps out of Pikel.
Pikel hits you but does no damage.
You punch Pikel! You freeze Pikel.
You feel a bit better.
With Pikel's spell broken, his former minions thank you for their freedom.
The lemure departs this earthly plane. x3
Pikel explodes!
The fiery explosion engulfs you!!! The fire burns you terribly!
Ouch! That really hurt!
You die...

Skill      XL: |  1  2  3  4  5  6  7  8 |
---------------+-------------------------+-----
Ice Magic      | 1 2 3 5 6 |  6.0
Fighting       | 2 3 4 |  4.3
Transmutations | 3 4 5 6 |  6.4
Unarmed Combat | 4 5 |  5.2
Dodging        | |  2.0
Spellcasting   | |  2.0

Action                   |  1- 3 |  4- 6 |  7- 9 || total
-------------------------+-------+-------+-------++-------
Melee: Unarmed           |    63 |    94 |   146 ||   303
       Constrict         |    19 |    18 |    16 ||    53
       Kick              |     6 |    24 |     2 ||    32
       Punch             |     2 |     6 |     2 ||    10
       Tentacles         |    11 |    16 |    11 ||    38
 Cast: Beastly Appendage |     3 |     8 |     3 ||    14
       Wereblood         |       |     5 |     5 ||    10
       Ice Form          |       |       |    12 ||    12
  Use: Potion            |       |     2 |     3 ||     5
       Scroll            |       |       |     3 ||     3
 Stab: Sleeping          |     5 |     5 |       ||    10
Armor: Skin              |     8 |    33 |    59 ||   100
Dodge: Dodged            |    37 |    53 |    84 ||   174

Levels and vault maps discovered:
D:1:      minmay_arrival_shoal_huts, layout_basic, serial_forest,
          infiniplex_forest_lined_3_way, infiniplex_forest_clump_C,
          infiniplex_forest_clump_long, infiniplex_forest_lined_4_way,
          infiniplex_forest_clump_double, infiniplex_forest_clump_C,
          infiniplex_forest_clump_double, infiniplex_forest_clump_long,
          infiniplex_forest_end_2
D:2:      layout_rooms, shapermc_ecumenical_altar_mp_highgroup, uniq_jessica
D:3:      layout_rooms, uniq_pargi, uniq_sigmund
D:4:      layout_loops_ring, nicolae_tso_besieged_by_evil, portal_sewer_entry_e
D:5:      layout_layer_cave
D:6:      layout_rooms, mainiacjoe_overflow_24_doors,
          mainiacjoe_overflow_brackets, serial_shops, nicolae_shop_crystal,
          uniq_prince_ribbit1
D:7:      layout_gridville, minmay_temple_entry_arrows, grunt_decor_cap
D:8:      minmay_statue_hallways, layout_rooms, mainiacjoe_overflow_catwalk,
          led_xom_imps, hellmonk_lair_entry_icy, uniq_pikel, uniq_maurice
D:9:      layout_roguey [special_room_bee], makhleb_altar_promises_db,
          david_orc_4

Notes
Turn   | Place    | Note
-------+----------+-------------------------------------------
     0 | D:1      | Raultor the Octopode Transmuter began the quest for the
                  | Orb.
     0 | D:1      | Reached XP level 1. HP: 13/13 MP: 3/3
   601 | D:1      | Reached XP level 2. HP: 16/18 MP: 5/5
   925 | D:1      | Reached skill level 1 in Ice Magic
  1348 | D:2      | Noticed Jessica
  1359 | D:2      | Killed Jessica
  1360 | D:2      | Reached XP level 3. HP: 13/23 MP: 4/6
  1462 | D:2      | Found a faded altar of an unknown god.
  1736 | D:3      | Reached XP level 4. HP: 14/28 MP: 7/7
  1832 | D:3      | Learned a level 2 spell: Wereblood
  1837 | D:3      | Learned a level 4 spell: Ice Form
  1871 | D:3      | Reached skill level 2 in Ice Magic
  1936 | D:3      | Noticed Pargi
  1960 | D:3      | Killed Pargi
  1961 | D:3      | Reached skill level 2 in Fighting
  1961 | D:3      | Reached skill level 3 in Transmutations
  1961 | D:3      | Reached XP level 5. HP: 21/34 MP: 5/8
  2073 | D:3      | Noticed Sigmund
  2423 | D:3      | Killed Sigmund
  2424 | D:3      | Reached skill level 4 in Transmutations
  2424 | D:3      | Reached skill level 3 in Ice Magic
  2424 | D:3      | Reached XP level 6. HP: 13/41 MP: 9/9
  2618 | D:4      | Found a glowing drain.
  2628 | Sewer    | Entered a sewer
  2653 | Sewer    | Reached skill level 4 in Unarmed Combat
  2655 | Sewer    | Noticed a water moccasin
  2667 | Sewer    | Killed a water moccasin
  2668 | Sewer    | Reached XP level 7. HP: 20/45 MP: 7/10
  3143 | D:4      | Identified the +3 robe "Tosmecui" {rElec Regen+ Int+2
                  | Dex-3}
  3165 | D:4      | Reached skill level 4 in Ice Magic
  3167 | D:4      | Reached skill level 3 in Fighting
  3276 | D:4      | Found a glowing golden altar of the Shining One.
  3394 | D:4      | Became a worshipper of the Shining One
  3761 | D:5      | Entered Level 5 of the Dungeon
  3802 | D:5      | Reached skill level 5 in Transmutations
  4683 | D:5      | Reached skill level 5 in Ice Magic
  4683 | D:5      | Reached XP level 8. HP: 49/53 MP: 5/11
  5295 | D:6      | Found Tozadi Edghe's Distillery.
  5340 | D:6      | Bought a potion of heal wounds for 70 gold pieces
  5340 | D:6      | Bought a potion of curing for 42 gold pieces
  5340 | D:6      | Bought a potion of mutation for 112 gold pieces
  5363 | D:6      | Found a shimmering blue altar of Sif Muna.
  5365 | D:6      | Noticed Prince Ribbit
  5379 | D:6      | Killed Prince Ribbit
  5485 | D:6      | Reached skill level 4 in Fighting
  5485 | D:6      | Reached skill level 5 in Unarmed Combat
  5485 | D:6      | Reached skill level 6 in Transmutations
  5748 | D:6      | Found a shadowy altar of Dithmenos.
  5978 | D:7      | You fall into a shaft and drop 2 floors!
  6112 | D:8      | Noticed a wyvern
  6113 | D:8      | Noticed Maurice
  6122 | D:8      | Killed a wyvern
  6123 | D:8      | Reached skill level 6 in Ice Magic
  6127 | D:8      | Noticed Pikel
  6130 | D:8      | HP: 6/64 [wolf (8)]
  6131 | D:8      | Noticed a rime drake
  6133 | D:8      | Killed Pikel
  6133 | D:8      | Killed by an exploding Pikel... ignited by their inner
                  | flame

Vanquished Creatures
  Pikel (D:8)
  Prince Ribbit (D:6)
  Sigmund (D:3)
  A wyvern (D:8)
  A water moccasin (Sewer)
  2 ice beasts (D:5)
  Pargi (D:3)
  3 centaurs
  A lemure (D:8)
  A necrophage (D:6)
  A jelly (D:6)
  A hound (D:5)
  Jessica (D:2)
  An iguana (D:5)
  3 orc wizards (D:4)
  5 adders
  2 white imps
  2 worms (D:4)
  3 dart slugs
  8 orcs
  3 endoplasms
  5 giant cockroaches
  5 hobgoblins
  9 kobolds
  2 quokkas
  8 ball pythons
  8 bats
  3 frilled lizards
  5 goblins
  2 goblin skeletons (D:4)
  2 goblin zombies (D:4)
  A hobgoblin zombie (D:4)
  2 kobold skeletons (D:4)
  4 kobold zombies (D:4)
  An orc skeleton (D:4)
  2 orc zombies (D:4)
  7 rats
109 creatures vanquished.

Vanquished Creatures (others)
  A plant (D:1)
1 creature vanquished.

Grand Total: 110 creatures vanquished

Table legend: (Time is in decaauts)
 A = Elapsed time spent in this place.
 B = Non-inter-level travel time spent in this place.
 C = Inter-level travel time spent in this place.
 D = Time resting spent in this place.
 E = Time spent auto-exploring this place.
 F = Levels seen in this place.
 G = Mean time per level.
                   A        B        C        D        E       F      G
               +--------+--------+--------+--------+--------+-----+--------+
         Total |   6107 |   5970 |    137 |     66 |   4907 |  10 |  610.7 |
       Dungeon |   5870 |   5733 |    137 |     66 |   4719 |   9 |  652.2 |
         Sewer |    236 |    236 |      0 |      0 |    188 |   1 |  236.0 |
               +--------+--------+--------+--------+--------+-----+--------+

Top non-repeatable levels by time:
     D:5: 1421 daAuts
     D:1: 1179 daAuts
     D:4: 963 daAuts
     D:3: 846 daAuts
     D:6: 763 daAuts
     D:2: 519 daAuts
   Sewer: 236 daAuts
     D:8: 92 daAuts
     D:9: 60 daAuts
     D:7: 24 daAuts

Table legend:
 A = Non-vault XP
 B = Vault XP
 C = Vault XP percentage of total XP
 D = Non-vault monster count
 E = Vault monster count
 F = Vault count percentage of total count
                 A         B        C        D         E       F
            +---------+---------+-------+---------+---------+-------
      Total |    1283 |    1528 |  54.4 |      75 |      33 |  30.6
            +---------+---------+-------+---------+---------+-------
        D:1 |      17 |       0 |   0.0 |      11 |       0 |   0.0
        D:2 |      20 |      37 |  64.9 |      10 |       1 |   9.1
        D:3 |      46 |     361 |  88.7 |      26 |       2 |   7.1
        D:4 |     163 |      44 |  21.3 |      13 |      23 |  63.9
        D:5 |     465 |       0 |   0.0 |       7 |       0 |   0.0
        D:6 |     260 |     268 |  50.8 |       5 |       1 |  16.7
        D:8 |     312 |     663 |  68.0 |       3 |       1 |  25.0
      Sewer |       0 |     155 | 100.0 |       0 |       5 | 100.0
            +---------+---------+-------+---------+---------+-------
